Map: Dusk Towers

Players

MythiC - Winner!

  • Race: Terran Terran
  • League: Master

EJK

  • Race: Terran Terran
  • League: Grandmaster

VOD

Have the link to the VOD?

Description

Time

  • Played on: Feb. 18, 2016, 4:35 p.m.
  • Length: 11:32
Show
View Real Time Build Order
Export as new Build Order

MythiC Terran - Winner!

Build Orders: MMM Bio 

Get SALT Encoding   

  12  0:01  SCV  
  13  0:13  SCV  
  14  0:17  Supply Depot  
  14  0:25  SCV  
  15  0:39  SCV  
  15  0:42  Barracks  
  16  0:46  Refinery  
  16  0:51  SCV  
  17  0:59  Barracks  
  17  1:03  SCV  
  18  1:15  SCV  
  19  1:31  Orbital Command, Reaper  
  20  1:33  Supply Depot  
  20  1:48  Reaper  
  21  1:57  SCV  
  22  2:08  Reaper  
  23  2:12  Command Center  
  24  2:15  SCV  
  24  2:20  Refinery  
  24  2:23  Supply Depot  
  24  2:25  Barracks Tech Lab  
  24  2:27  SCV  
  25  2:39  SCV  
  26  2:52  Marine  
  26  2:54  Barracks Reactor  
  26  2:55  SCV  
  28  3:07  SCV  
  28  3:10  Marine  
  28  3:11  Stimpack  
  30  3:19  SCV  
  31  3:23  SCV  
  32  3:28  Marine  
  32  3:31  SCV  
  33  3:38  SCV  
  33  3:39  Marine  
  33  3:40  Marine  
  35  3:43  Factory, SCV  
  35  3:50  Orbital Command  
  35  3:51  Marine  
  35  3:55  SCV  
  37  3:57  Marine x2  
  39  4:07  SCV  
  39  4:09  Marine  
  41  4:10  Engineering Bay  
  41  4:15  Marine x2  
  41  4:17  SCV  
  44  4:19  SCV  
  45  4:27  Marine  
  45  4:28  Factory Tech Lab, Starport  
  45  4:29  SCV  
  45  4:30  Factory Reactor  
  47  4:31  SCV  
  47  4:33  Marine x2  
  47  4:37  Supply Depot  
  50  4:41  Supply Depot, SCV  
  50  4:44  Refinery  
  50  4:45  Marine  
  52  4:46  SCV  
  52  4:52  Marine  
  54  4:58  SCV x2, Marine  
  57  5:02  Supply Depot, Marine  
  58  5:09  Marine  
  58  5:10  SCV  
  58  5:12  SCV, Combat Shields  
  61  5:14  Factory Tech Lab, Medivac x2  
  61  5:15  Command Center  
  61  5:19  Marine  
  66  5:22  SCV  
  66  5:24  SCV, Marine  
  66  5:27  Marine  
  70  5:30  Supply Depot  
  70  5:34  SCV  
  71  5:36  Siege Tank, SCV  
  71  5:37  Marine  
  71  5:42  Marine  
  77  5:44  Terran Infantry Weapons Level 1  
  77  5:47  SCV  
  78  5:51  Marine  
  78  5:53  SCV  
  78  5:55  Marine  
  84  5:58  Viking x2  
  84  6:02  SCV  
  85  6:04  Refinery, Barracks  
  85  6:05  Marine  
  85  6:06  Supply Depot  
  85  6:07  Supply Depot  
  86  6:15  Supply Depot  
  86  6:26  Marine  
  86  6:27  Siege Tank, SCV x2, Marine x2  
  86  6:28  Orbital Command  
  94  6:39  SCV  
  95  6:44  Marine  
  95  6:45  Marine x2  
  91  6:48  Medivac x2  
  91  6:53  Barracks Tech Lab  
  95  6:55  Orbital Command  
  95  6:56  Starport  
  95  6:58  SCV, Barracks  
  95  7:00  Barracks  
  96  7:02  Marine  
  96  7:03  SCV, Marine x2  
  100  7:10  SCV  
  100  7:15  Marauder  
  106  7:20  Refinery  
  103  7:27  Viking x2  
  103  7:28  Factory Reactor  
  107  7:30  SCV  
  107  7:31  SCV x2  
  109  7:42  SCV  
  111  7:44  SCV x2  
  111  7:45  Refinery  
  111  7:46  Marauder x2, Marine x2  
  111  7:47  Terran Infantry Armor Level 1, Starport Reactor  
  111  7:51  Barracks Reactor  
  118  7:56  Command Center  
  118  7:59  Supply Depot, SCV x2  
  118  8:00  Supply Depot, SCV  
  118  8:02  Marauder  
  118  8:03  Liberator  
  118  8:04  Concussive Shells  
  123  8:10  Viking  
  125  8:15  Supply Depot x2  
  125  8:20  SCV, Viking x2  
  125  8:22  SCV x2  
  125  8:24  Marauder  
  125  8:25  Marauder x2  
  141  8:36  Marine x4  
  141  8:37  SCV x3  
  141  8:40  Supply Depot x2  
  148  8:41  Supply Depot  
  148  8:46  Marauder  
  150  8:49  Marauder x2, SCV  
  150  8:51  Liberator  
  150  8:54  Viking  
  157  9:03  Refinery  
  157  9:07  Liberator, Refinery, Marauder  
  157  9:08  Viking x2  
  166  9:10  Marauder x2  
  166  9:11  Marine  
  166  9:12  Marine  
  166  9:13  Marine  
  170  9:33  Marine  
  170  9:34  Liberator, Marauder x3, Marine x3  
  180  9:40  Armory  
  180  9:45  Medivac x2  
  184  9:46  Engineering Bay  
  184  9:49  Liberator  
  184  9:51  Marine  
  188  9:53  Marine x3  
  188  9:54  Marine  
  188  9:59  Planetary Fortress  
  195  10:07  SCV, Command Center  
  196  10:38  SCV x2, Marine x3  
  196  10:39  Marauder x2  
  196  10:49  Marauder, Marine  
  196  10:56  Marine x3  
  194  11:00  Marauder x2  
  188  11:07  Marine  
  188  11:08  Starport  
  188  11:09  Barracks x2  
  188  11:11  Marauder  
  187  11:14  Marine x3  
Show
View Real Time Build Order
Export as new Build Order

EJK Terran 

Build Orders: Mech 

Get SALT Encoding   

  12  0:00  SCV  
  13  0:13  SCV  
  14  0:18  Supply Depot  
  14  0:25  SCV  
  15  0:39  SCV  
  15  0:41  Barracks  
  16  0:47  Refinery  
  16  0:52  SCV  
  17  1:04  SCV  
  18  1:16  SCV  
  19  1:28  Orbital Command, Marine  
  19  1:30  Supply Depot  
  20  1:50  Command Center  
  20  1:54  Marine  
  21  1:58  SCV  
  22  2:08  Factory  
  22  2:11  SCV  
  22  2:13  Marine  
  24  2:23  Refinery, SCV  
  25  2:30  Marine  
  25  2:36  SCV  
  27  2:48  SCV, Marine  
  27  2:50  Supply Depot  
  29  2:56  Hellion  
  31  3:00  Starport  
  31  3:02  SCV  
  31  3:03  Orbital Command  
  30  3:10  Marine  
  29  3:16  SCV  
  29  3:18  Hellion  
  31  3:32  SCV  
  30  3:39  SCV  
  30  3:44  Factory Tech Lab  
  29  3:51  SCV  
  29  3:52  SCV  
  34  4:10  Cyclone, Command Center  
  34  4:14  SCV  
  34  4:15  SCV  
  36  4:18  Barracks Reactor  
  36  4:23  Viking  
  38  4:28  SCV x2  
  40  4:40  SCV x2  
  40  4:45  Refinery  
  42  4:46  Refinery  
  42  4:48  Supply Depot  
  42  4:52  SCV x2  
  44  5:01  Engineering Bay, Raven  
  44  5:04  Hellion, SCV x2  
  44  5:06  Hellion  
  52  5:16  SCV x2  
  54  5:23  Orbital Command  
  54  5:26  Factory  
  54  5:28  SCV, Barracks Tech Lab  
  54  5:29  SCV  
  56  5:36  Factory  
  56  5:40  SCV  
  56  5:41  SCV  
  60  5:48  Banshee  
  61  5:53  Orbital Command, Hellion, SCV  
  61  5:54  Hellion  
  67  5:58  SCV  
  67  6:04  Supply Depot  
  67  6:07  Supply Depot  
  67  6:08  SCV  
  67  6:10  SCV  
  69  6:15  Hellion x2  
  69  6:16  Barracks Reactor  
  69  6:17  Infernal Pre-Igniter  
  69  6:18  Siege Tank  
  76  6:20  SCV  
  77  6:25  SCV x2  
  77  6:32  SCV  
  80  6:38  SCV x2  
  76  6:44  SCV  
  71  6:48  Siege Tank  
  71  6:49  Hellion x2  
  71  6:50  Siege Tank, SCV x2  
  71  6:52  Refinery  
  83  6:55  Missile Turret  
  83  6:56  Supply Depot  
  83  6:57  Sensor Tower  
  83  7:00  SCV  
  84  7:02  SCV x2  
  86  7:08  Medivac  
  86  7:09  Medivac  
  86  7:12  SCV  
  86  7:14  SCV x2  
  93  7:16  Missile Turret  
  93  7:17  Armory  
  93  7:19  Supply Depot  
  93  7:20  Siege Tank  
  93  7:22  Siege Tank  
  99  7:25  SCV  
  99  7:26  SCV  
  99  7:28  Missile Turret  
  98  7:37  Hellion  
  98  7:39  SCV  
  98  7:40  Refinery  
  98  7:41  Hellion, SCV x2  
  98  7:44  Viking x2  
  109  7:52  Supply Depot  
  109  7:58  SCV x3, Factory x2  
  109  8:01  Supply Depot  
  109  8:02  Siege Tank  
  115  8:13  Hellion  
  115  8:14  Siege Tank, Viking x2  
  115  8:15  Hellion, Terran Vehicle Weapons Level 1  
  115  8:17  Hellion  
  125  8:23  Hellion  
  125  8:24  Supply Depot  
  125  8:25  Supply Depot  
  126  8:28  Command Center  
  124  8:38  Siege Tank  
  124  8:41  Supply Depot  
  127  8:43  Supply Depot, Factory Tech Lab  
  127  8:44  Factory Reactor  
  127  8:45  Hellion  
  127  8:46  Siege Tank  
  132  9:04  Viking x2  
  136  9:14  Hellion  
  136  9:15  Hellion  
  136  9:16  Supply Depot  
  138  9:19  Siege Tank, Starport  
  141  9:26  Siege Tank x2  
  141  9:27  Hellion  
  141  9:28  Hellion  
  151  9:36  Hellion  
  153  9:42  Command Center  
  153  9:46  Medivac x2  
  155  9:53  Supply Depot  
  155  9:55  Missile Turret  
  155  9:56  Siege Tank, Missile Turret, Armory  
  155  9:58  Siege Tank  
  155  9:59  Refinery  
  161  10:00  Sensor Tower  
  161  10:02  Starport Tech Lab, Refinery  
  161  10:08  Missile Turret  
  161  10:09  Missile Turret  
  161  10:21  High Capacity Fuel Tanks  
  161  10:22  Thor  
  161  10:24  Medivac x2  
  171  10:29  Medivac  
  171  10:30  Hellion x2  
  177  10:42  Planetary Fortress  
Tags
 
Add a new tag
Caveats
  • Supply blocks, unpowered buildings, or Contaminate may cause inaccurate times.
  • Supply counts are checked every 10 seconds.